 Dungeon Crawl Stone Soup version 0.31.0-12-g77e489cdc1 (webtiles) character file.

Game seed: 10141453948679323692

707 Gadfly the Changeling (level 7, -13/55 HPs)
             Began as a Merfolk Shapeshifter on Feb 13, 2024.
             Was an Initiate of Ru.
             Mangled by an ogre
             ... wielding a +0 giant club
              (37 damage)
             ... on level 5 of the Dungeon.
             The game lasted 00:09:42 (4461 turns).

Gadfly the Changeling (Merfolk Shapeshifter)        Turns: 4461, Time: 00:09:43

Health: -13/55     AC:  4    Str: 23    XL:     7   Next: 67%
Magic:  7/7        EV: 13    Int:  9    God:    Ru [......]
Gold:   240        SH:  0    Dex: 13    Spells: 5/6 levels left

rFire   . .          .
                       - Unarmed
rCold   + . .        (no shield)
rNeg    . . .        e - +2 robe {rC+}
rPois   .            (helmet currently unavailable)
rElec   .            (cloak currently unavailable)
rCorr   .            (gloves currently unavailable)
SInv    .            (boots currently unavailable)
Will    .....        (no amulet)
Stlth   +            a - +6 ring of strength
HPRegen 0.29/turn    (no ring)
MPRegen 0.10/turn

%: no passive effects
@: beast-form
A: beast (slay +3), (nimble swimmer 2), mertail
a: Begin Untransformation, Renounce Religion


You were on level 5 of the Dungeon.
You worshipped Ru.
Ru was noncommittal.
You were a hulking beast.
You visited 2 branches of the dungeon, and saw 6 of its levels.

You collected 240 gold pieces.

Inventory:

Hand Weapons
 g - a +0 scimitar
Armour
 e - a +2 robe of cold resistance (worn)
Jewellery
 a - a +6 ring of strength (left hand)
Talismans
 c - a beast talisman
 d - a flux talisman
 i - a dragon-blood talisman
 l - a beast talisman
Wands
 n - a wand of polymorph (2) (quivered)
Scrolls
 f - a scroll of brand weapon
 h - 2 scrolls of vulnerability
 k - a scroll of poison
 r - a scroll of identify
 s - a scroll of teleportation
 t - a scroll of revelation {unknown}
Potions
 b - a potion of lignification
 j - a potion of heal wounds
 m - a potion of haste {unknown}
 o - a potion of might
 q - a potion of brilliance {unknown}


   Skills:
 * Level 4.3 Fighting
 + Level 4.8 Dodging
 + Level 5.4 Unarmed Combat
 * Level 3.6 Evocations
 + Level 5.5 Shapeshifting


You had 5 spell levels left.
You knew the following spells:

 Your Spells              Type           Power      Damage    Failure   Level
a - Apportation           Tloc           0%         N/A       38%         1

Your spell library contained the following spells:

 Spells                   Type           Power      Damage    Failure   Level
 Necrotise                Necr           0%         1d4       38%         1
 Sting                    Conj/Alch      0%         1d3       38%         1
 Summon Small Mammal      Summ           0%         N/A       38%         1
 Frozen Ramparts          Ice            0%         1d1       77%         3
 Leda's Liquefaction      Alch/Erth      0%         N/A       99%         4
 Petrify                  Alch/Erth      0%         N/A       99%         4
 Metabolic Englaciation   Hex/Ice        0%         N/A       100%        5


Dungeon Overview and Level Annotations

Branches:
Dungeon (5/15)             Temple (1/1) D:4

Altars:
Ashenzari
Cheibriados
Dithmenos
Elyvilon
Gozag
Hepliaklqana
Makhleb
Nemelex Xobeh
Qazlal
Ru
Sif Muna
Trog
Uskayaw
Vehumet
Xom
Yredelemnul
Zin
The Shining One

Shops:
D:1 (   D:2 (


Innate Abilities, Weirdness & Mutations

You are a hulking beast.
Your limbs bulge with bestial killing power. (Slay +3)
((You are very nimble when in or above water. (Stealth+, EV+, Speed+++)))
Your lower body shifts to a powerful aquatic tail in water.


Message History

The sleepcap barely misses you.
You punch the sleepcap!
You destroy the sleepcap!
You start resting.
An orc comes into view. It is wielding a +0 war axe.
The orc shouts!
Items here: ))) ††.
You are too injured to fight recklessly!
The orc hits you with a +0 war axe!
* * * LOW HITPOINT WARNING * * *
You punch the orc!
You kill the orc!
Things that are here:
a +0 war axe; a +0 ring mail 2 orcs come into view.
The orc shouts! x2
Things that are here:
a +0 war axe; a +0 ring mail The orc attacks as it pursues you!
The orc closely misses you.
Items here: ))) ††.
You closely miss the orc. You punch the orc!
You kill the orc!
The orc hits you from afar with a +0 trident.
* * * LOW HITPOINT WARNING * * *
The orc closely misses you.
Things that are here:
a +0 flail; a +0 ring mail; an orc corpse You punch the orc!
You kill the orc!
Items here: )) [[.
You start resting.
An ogre comes into view. It is wielding a +0 giant club.
The ogre shouts!
Items here: )) [[.
Things that are here:
a +0 flail; a +0 ring mail; an orc corpse The ogre hits you with a +0 giant club!!!
Ouch! That really hurt!
You die...

.#. # .. #.#.#
#.#.## #....##
#....†####.###
#.............
##.....####...#
#..<..Oh)....##
##.<..)####.##
..####..).#
#.........#
..#####.### ...
##... #####


You could see an ogre.

Vanquished Creatures
  An ogre (D:4)
  Blork the orc (D:4)
  2 scorpions
  2 orc priests
  A sleepcap (D:5)
  Natasha (thrice) (D:2)
  An orc wizard (D:3)
  Ijyb (D:3)
  7 adders
  4 gnolls (D:4)
  3 dart slugs
  2 ribbon worms
  14 orcs
  8 bats
  10 endoplasms
  6 giant cockroaches
  14 goblins
  7 hobgoblins
  4 jackals
  5 kobolds
  7 quokkas
  8 ball pythons
  4 frilled lizards
  8 rats
123 creatures vanquished.

Notes
Turn   | Place    | Note
-------+----------+-------------------------------------------
     0 | D:1      | Gadfly the Merfolk Shapeshifter began the quest for the
                  | Orb.
     0 | D:1      | Reached XP level 1. HP: 15/15 MP: 1/1
    78 | D:1      | Reached XP level 2. HP: 21/21 MP: 2/2
   223 | D:1      | Found Taahaun's Weapon Shop.
   257 | D:1      | Learned a level 1 spell: Apportation
   328 | D:1      | Reached XP level 3. HP: 26/26 MP: 3/3
   920 | D:2      | Noticed Natasha
   925 | D:2      | Reached skill level 1 in Evocations
  1214 | D:2      | Killed Natasha
  1215 | D:2      | Reached XP level 4. HP: 19/33 MP: 4/4
  1365 | D:2      | Noticed Natasha
  1381 | D:2      | Killed Natasha
  1382 | D:2      | Reached skill level 5 in Shapeshifting
  1593 | D:2      | Reached XP level 5. HP: 38/38 MP: 5/5
  1597 | D:2      | Found a white marble altar of Elyvilon.
  1693 | D:2      | Found Qouheu's Antique Weapon Boutique.
  1896 | D:2      | Noticed Natasha
  1914 | D:2      | Killed Natasha
  2356 | D:3      | Reached XP level 6. HP: 46/46 MP: 6/6
  3272 | D:4      | Reached skill level 5 in Unarmed Combat
  3274 | D:4      | Noticed Ijyb
  3277 | D:4      | Reached XP level 7. HP: 17/53 MP: 7/7
  3450 | D:3      | Killed Ijyb
  3619 | D:4      | Found a staircase to the Ecumenical Temple.
  3632 | Temple   | Entered the Ecumenical Temple
  3668 | Temple   | Became a worshipper of Ru the Awakened
  3878 | D:4      | Noticed Blork the orc
  3888 | D:4      | Killed Blork the orc
  4376 | D:5      | Entered Level 5 of the Dungeon
  4461 | D:5      | Mangled by an ogre

Illustrated notes

Levels and vault maps discovered:
D:1:      heliophobic_arrival_glass_houses, layout_loops_ring, serial_shops,
          nicolae_shop_crystal
D:2:      layout_basic, serial_shops, shop, basic_altar, uniq_natasha
D:3:      wad_river_or_something, layout_basic, minmay_box_of_dots
D:4:      layout_loops_ring, minmay_temple_entry_proselytizer,
          grunt_ministairs_13, uniq_ijyb, uniq_blork_the_orc
D:5:      layout_loops_ring, gammafunk_ghost_abyssal_escape,
          chequers_decorated_corner
Temple:   bh_familiar_temple

Skill      XL: |  1  2  3  4  5  6  7 |
---------------+----------------------+-----
Dodging        | 3 4 |  4.8
Evocations     | 1 2 3 |  3.6
Fighting       | 2 3 4 |  4.3
Unarmed Combat | 4 5 |  5.4
Shapeshifting  | 5 |  5.5

Action                     |  1- 3 |  4- 6 |  7- 9 || total
---------------------------+-------+-------+-------++-------
  Melee: Unarmed           |    83 |   177 |    81 ||   341
         Punch             |     2 |     5 |     3 ||    10
         Tailslap          |       |     1 |       ||     1
    Use: Scroll            |     2 |     4 |     1 ||     7
         Potion            |       |     1 |       ||     1
   Stab: Sleeping          |     2 |     2 |     1 ||     5
 Armour: Animal skin       |    45 |    15 |       ||    60
         Robe              |       |    91 |    29 ||   120
         Skin              |       |       |     4 ||     4
  Dodge: Dodged            |    65 |   108 |    48 ||   221
